 Dungeon Crawl Stone Soup version 0.20-a0-837-g0f21a4d (webtiles) character file.

22596 Patate the Spry (level 12, -3/51 HPs)
             Began as a Spriggan Enchanter on Mar 7, 2017.
             Was a Priest of Dithmenos.
             Slain by a two-headed ogre
             ... wielding a +0 giant club
              (10 damage)
             ... on level 2 of the Orcish Mines on Mar 8, 2017.
             The game lasted 01:57:13 (22480 turns).

Patate the Spry (Spriggan Enchanter)               Turns: 22480, Time: 01:57:14

Health: -3/51      AC:  5    Str: 10    XL:     12   Next: 64%
Magic:  12/26      EV: 32    Int: 20    God:    Dithmenos [***...]
Gold:   1443       SH:  0    Dex: 17    Spells: 23/29 levels left

rFire    + . .     SeeInvis +   a - +2 dagger (venom)
rCold    + . .     Gourm    .   l - +2 robe {rC+ rF+}
rNeg     . . .     Faith    .   (shield restricted)
rPois    .         Spirit   .   (helmet restricted)
rElec    .         Reflect  .   r - +0 cloak
rCorr    .         Harm     .   (gloves unavailable)
MR       ++...                  (boots unavailable)
Stlth    ++++++++..             (no amulet)
Regen    0.2/turn               A - +6 ring of slaying
MPRegen  0.2/turn               b - +3 ring of intelligence

@: wreathed by umbra, very quick
A: unfitting armour, see invisible, herbivore 3, speed 3, sense surroundings 1,
slow metabolism 2, strong 1
a: Shadow Step, Renounce Religion


You were on level 2 of the Orcish Mines.
You worshipped Dithmenos.
Dithmenos was most pleased with you.
You were not hungry.

You visited 4 branches of the dungeon, and saw 15 of its levels.

You collected 1531 gold pieces.
You spent 88 gold pieces at shops.

Inventory:

Hand Weapons
 a - a +2 dagger of venom (weapon)
 F - a +2 dagger of electrocution
Armour
 l - a +2 robe of resistance (worn)
 r - a +0 cloak (worn)
Jewellery
 b - a +3 ring of intelligence (left hand)
 A - a +6 ring of slaying (right hand)
Wands
 e - a wand of paralysis (9/24)
 y - a wand of polymorph (13/24)
 E - a wand of acid (6/15)
 G - a wand of scattershot (3/9)
 J - a wand of confusion (26/48)
 M - a wand of iceblast (4/15)
Scrolls
 d - 4 scrolls of recharging
 g - 2 scrolls of fog
 h - 5 scrolls of remove curse
 i - a scroll of enchant armour
 j - 5 scrolls of fear {unknown}
 k - 3 scrolls of amnesia {unknown}
 p - 2 scrolls of magic mapping {unknown}
 q - 3 scrolls of random uselessness {unknown}
 s - 6 scrolls of teleportation
 w - 4 scrolls of enchant weapon {unknown}
 D - a scroll of vulnerability {unknown}
Potions
 f - 2 potions of berserk rage
 n - a potion of brilliance
 o - 4 potions of agility
 u - 3 potions of lignification
 v - a potion of resistance
 z - 4 potions of might
 B - a potion of heal wounds
 C - 3 potions of curing
 H - a potion of haste
Books
 c - a book of Maledictions

   Spells                             Type                      Level
   a - Corona                         Hexes                        1
   b - Ensorcelled Hibernation        Hexes/Ice                    2
   c - Confuse                        Hexes                        3
   d - Tukima's Dance                 Hexes                        3
   e - Dazzling Spray                 Conjuration/Hexes            3
 m - a book of Geomancy

   Spells                             Type                      Level
   a - Sandblast                      Earth                        1
   b - Passwall                       Transmutation/Earth          2
   c - Stone Arrow                    Conjuration/Earth            3
   d - Petrify                        Transmutation/Earth          4
   e - Lee's Rapid Deconstruction     Earth                        5
 I - a book of Power

   Spells                             Type                      Level
   a - Iskenderun's Battlesphere      Conjuration/Charms           5
   b - Venom Bolt                     Conjuration/Poison           5
   c - Bolt of Magma                  Conjuration/Fire/Earth       5
   d - Iron Shot                      Conjuration/Earth            6
   e - Orb of Destruction             Conjuration                  7
   f - Spellforged Servitor           Conjuration/Summoning        7
Comestibles
 t - 2 bread rations
 x - 22 fruits


   Skills:
 - Level 12.3 Short Blades
 + Level 16.4 Dodging
 - Level 14.0 Stealth
 - Level 9.1 Spellcasting
 - Level 9.1 Hexes


You had 23 spell levels left.
You knew the following spells:

 Your Spells              Type           Power        Failure   Level  Hunger
a - Corona                Hex            #####..      1%          1    None
b - Ensorcelled Hibernat  Hex/Ice        ####..       1%          2    None
c - Confuse               Hex            #####...     1%          3    None


Dungeon Overview and Level Annotations

Branches:
Dungeon (11/15)            Temple (1/1) D:7            Lair (1/6) D:10
    Orc (2/2) D:9             Elf (0/3) Orc:2

Altars:
Ashenzari
Cheibriados
Dithmenos
Elyvilon
Fedhas
Gozag
Hepliaklqana
Kikubaaqudgha
Makhleb
Nemelex Xobeh
Okawaru
Qazlal
Ru
Sif Muna
Trog
Uskayaw
Vehumet
Wu Jian
Xom
Yredelemnul
Zin
The Shining One
Beogh

Shops:
D:9 !

Annotations:
D:3 aves's ghost, amateur DsFi
D:8 Gastronok
Lair:1 Harold


Innate Abilities, Weirdness & Mutations

You are very small and have problems with some larger weapons.
You are too small for most types of armour.
You have supernaturally acute eyesight. (SInv)
You are a herbivore.
You cover ground extremely quickly.
You need consume almost no food.
You passively map a small area around you.
Your muscles are strong. (Str +2)


Message History

The two-headed ogre looks as sick as possible!
The two-headed ogre is moderately wounded.
The two-headed ogre completely misses you.
The two-headed ogre misses you.
You barely miss the two-headed ogre.
The two-headed ogre is moderately wounded.
The two-headed ogre completely misses you. x2
You hit the two-headed ogre but do no damage.
The two-headed ogre is moderately wounded.
Casting: Ensorcelled Hibernation
Confirm with . or Enter, or press ? or * to list all spells.
Aiming: Ensorcelled Hibernation
Press: ? - help, Shift-Dir - straight line, f/p - two-headed ogre
Aim: a two-headed ogre, wielding two giant clubs (moderately wounded, fast, poisoned, umbra, chance to defeat MR: 38%)
The two-headed ogre easily resists.
The two-headed ogre hits you with a giant club!!
* * * LOW HITPOINT WARNING * * *
You emit a cloud of dark smoke.
The two-headed ogre hits you with a giant club!
You die...

.)[..).....####.......#####......
.)##........##........####.......
.#####..................#........
[###...............#.........[[..
).#....#......O....#.............
.T...###........###.#.#......)..#
..OO.######.....##...##.......###
..#...# #..#..##§#..#........###
O..O.### ##.#.OO@§..............#
.......## ###..##§...............
........# #.#####..............
..##.#..#* ####.........#.......
.........# #......#######.....
.....##.## ###....)####.......
.........., #........##......
.........., #.......##......#
...###.. ##.......#....###


You could see a two-headed ogre and an ogre.

Vanquished Creatures
  A stone giant (Orc:1)
  A hydra (D:10)
  7 two-headed ogres
  2 ogre magi (Orc:2)
  Erica (D:8)
  Urug (Orc:1)
  Pikel (D:8)
  An orc knight (Orc:1)
  An ugly thing (D:11)
  2 centaur skeletons (D:11)
  2 kobold demonologists (D:8)
  4 slime creatures (D:11)
  6 trolls
  A hornet (D:7)
  3 hippogriffs
  Sigmund (D:4)
  A wyvern (D:9)
  A yak (D:11)
  2 wargs
  A soldier ant (D:10)
  An acid dragon (D:11)
  2 water moccasins
  2 porcupines (Lair:1)
  4 phantoms
  A black bear (D:10)
  2 ice beasts
  A sky beast (D:9)
  A necrophage (D:7)
  13 orc warriors
  A hornet zombie (D:11)
  5 centaurs
  18 ogres
  A crocodile (Lair:1)
  4 big kobolds
  6 bullfrogs
  2 gnoll sergeants
  A water moccasin zombie (D:11)
  2 scorpions
  10 wights
  15 killer bees
  5 howler monkeys
  A bullfrog zombie (D:9)
  A crimson imp (D:10)
  11 orc priests
  A quasit (D:11)
  6 hounds
  2 jellies
  An iguana (D:4)
  Ijyb (D:2)
  12 orc wizards
  3 worker ants
  A worker ant zombie (D:11)
  12 adders
  14 gnolls
  4 shadow imps
  An ooze (D:1)
  An adder zombie (D:9)
  An adder skeleton (D:7)
  3 worms
  4 dart slugs (D:2)
  5 leopard geckos
  56 orcs
  8 bats
  4 giant cockroaches
  10 goblins
  5 hobgoblins
  7 jackals
  7 quokkas
  A ball python (D:1)
  A ball python skeleton (D:6)
  A frilled lizard (D:2)
  7 kobolds
  A quokka zombie (D:7)
  2 rats (D:3)
332 creatures vanquished.

Vanquished Creatures (others)
  Joseph (D:8)
  3 slaves (D:8)
  A sky beast (D:8)
  2 orc wizards (D:8)
  2 orcs (D:8)
  A kobold (D:7)
10 creatures vanquished.

Grand Total: 342 creatures vanquished

Notes
Turn   | Place    | Note
-------+----------+-------------------------------------------
     0 | D:1      | Patate the Spriggan Enchanter began the quest for the Orb.
     0 | D:1      | Reached XP level 1. HP: 9/9 MP: 5/5
    87 | D:1      | Reached skill level 5 in Stealth
   354 | D:1      | Reached XP level 2. HP: 13/13 MP: 6/6
   818 | D:1      | Learned a level 2 spell: Ensorcelled Hibernation
  1771 | D:2      | Reached XP level 3. HP: 16/16 MP: 8/8
  2023 | D:2      | Learned a level 3 spell: Confuse
  2167 | D:2      | Gained mutation: You passively map a small area around you. [potion of mutation]
  2167 | D:2      | Gained mutation: Your muscles are strong. (Str +2) [potion of mutation]
  2489 | D:2      | Noticed Ijyb
  2495 | D:2      | Killed Ijyb
  2495 | D:2      | Reached XP level 4. HP: 21/21 MP: 6/9
  3346 | D:3      | Noticed aves's ghost (amateur DsFi)
  3674 | D:3      | Reached XP level 5. HP: 23/24 MP: 10/10
  3882 | D:4      | Noticed a water moccasin
  3893 | D:4      | Killed a water moccasin
  3893 | D:4      | Reached skill level 4 in Dodging
  3893 | D:4      | Reached XP level 6. HP: 21/28 MP: 6/11
  4529 | D:4      | Reached skill level 5 in Dodging
  4792 | D:4      | Noticed Sigmund
  4799 | D:4      | Killed Sigmund
  4799 | D:4      | Reached skill level 10 in Stealth
  4799 | D:4      | Reached XP level 7. HP: 32/32 MP: 12/12
  4976 | D:4      | Reached skill level 6 in Dodging
  5179 | D:5      | Entered Level 5 of the Dungeon
  5406 | D:5      | Reached skill level 7 in Dodging
  6416 | D:6      | Reached skill level 8 in Dodging
  6641 | D:6      | Reached skill level 5 in Short Blades
  6641 | D:6      | Reached XP level 8. HP: 36/36 MP: 13/13
  6764 | D:6      | Found a shadowy altar of Dithmenos.
  6770 | D:6      | Became a worshipper of Dithmenos the Shadowed
  6874 | D:6      | Reached skill level 9 in Dodging
  7276 | D:7      | Reached skill level 10 in Dodging
  7589 | D:7      | Found a staircase to the Ecumenical Temple.
  8291 | D:7      | Reached skill level 11 in Dodging
  8886 | Temple   | Entered the Ecumenical Temple
  9252 | D:6      | Reached XP level 9. HP: 32/39 MP: 14/14
  9817 | D:6      | Reached skill level 12 in Dodging
 10553 | D:8      | Noticed Erica
 10558 | D:8      | Killed Erica
 10601 | D:8      | Noticed a two-headed ogre
 11427 | D:7      | Reached skill level 5 in Hexes
 11699 | D:7      | Killed a two-headed ogre
 11699 | D:7      | Reached skill level 5 in Spellcasting
 11699 | D:7      | Reached XP level 10. HP: 32/44 MP: 14/18
 11959 | D:8      | Noticed Joseph
 12673 | D:8      | Reached * piety under Dithmenos
 12750 | D:8      | Noticed Gastronok
 13063 | D:8      | Noticed Pikel
 13071 | D:8      | Killed Pikel
 13096 | D:8      | Killed Joseph
 13997 | D:9      | Found a staircase to the Orcish Mines.
 14244 | D:9      | Found Firaecs's Distillery.
 14264 | D:9      | Bought a potion of heal wounds for 55 gold pieces
 14264 | D:9      | Bought a potion of curing for 33 gold pieces
 14321 | D:9      | Noticed a two-headed ogre
 14327 | D:9      | Killed a two-headed ogre
 15000 | D:8      | Noticed a two-headed ogre
 15007 | D:8      | Killed a two-headed ogre
 15037 | D:8      | Reached XP level 11. HP: 47/47 MP: 19/25
 15048 | D:8      | Noticed a soul eater
 15371 | D:8      | Upgraded the game from 0.20-a0-830-g2c9a30d to 0.20-a0-837-g0f21a4d
 15683 | D:8      | Found a burning altar of Makhleb.
 15691 | D:8      | Found a hazy altar of Hepliaklqana.
 15691 | D:8      | Found a white marble altar of Elyvilon.
 15691 | D:8      | Found a snail-covered altar of Cheibriados.
 16749 | D:9      | Noticed a two-headed ogre
 16791 | D:9      | Killed a two-headed ogre
 17018 | D:10     | Entered Level 10 of the Dungeon
 17297 | D:10     | Reached ** piety under Dithmenos
 17645 | D:10     | Reached skill level 10 in Short Blades
 17811 | D:10     | Found a staircase to the Lair.
 18053 | D:11     | Noticed a brown ugly thing
 18062 | D:11     | Killed a brown ugly thing
 18196 | D:11     | Reached skill level 13 in Dodging
 18865 | Lair:1   | Entered Level 1 of the Lair of Beasts
 18909 | Lair:1   | Reached *** piety under Dithmenos
 19197 | Lair:1   | Noticed Harold
 19199 | Lair:1   | Noticed a seven-headed hydra
 19263 | D:10     | Killed a seven-headed hydra
 19606 | Orc:1    | Entered Level 1 of the Orcish Mines
 19606 | Orc:1    | Noticed Urug
 19612 | Orc:1    | Killed Urug
 19987 | Orc:1    | Reached XP level 12. HP: 51/51 MP: 21/26
 20146 | Orc:1    | Found a flagged portal.
 20297 | Orc:2    | Entered Level 2 of the Orcish Mines
 20382 | Orc:1    | Noticed a stone giant
 20387 | Orc:1    | Killed a stone giant
 20387 | Orc:1    | Reached skill level 14 in Dodging
 21042 | Orc:2    | Found a staircase to the Elven Halls.
 21308 | Orc:2    | Found a roughly hewn altar of Beogh.
 21557 | Orc:2    | Noticed a two-headed ogre
 21567 | Orc:2    | Killed a two-headed ogre
 21599 | Orc:2    | Noticed an ogre mage
 21638 | Orc:2    | Reached **** piety under Dithmenos
 21665 | Orc:2    | Noticed a two-headed ogre
 21742 | Orc:2    | Noticed a two-headed ogre
 22309 | Orc:2    | Noticed an ogre mage
 22325 | Orc:2    | Killed a two-headed ogre
 22325 | Orc:2    | Reached skill level 15 in Dodging
 22337 | Orc:2    | Killed a two-headed ogre
 22358 | Orc:2    | Killed an ogre mage
 22403 | Orc:2    | Noticed an ogre mage
 22409 | Orc:2    | Noticed a two-headed ogre
 22440 | Orc:2    | Reached skill level 16 in Dodging
 22465 | Orc:2    | Killed an ogre mage
 22480 | Orc:2    | Slain by a two-headed ogre

Vault maps used:
D:1:      scummos_arrival_forest
D:2:      uniq_iyjb
D:4:      uniq_sigmund
D:5:      first_bread, minmay_misc_feat_hallway
D:6:      grunt_dithmenos_shadows
D:7:      temple_pool_b
D:8:      minitemple, uniq_pikel, uniq_erica, uniq_joseph, uniq_gastronok
D:9:      david_orc_2, serial_shops, shop
D:10:     lair_entry_dummy, blue_anna_alchemist
D:11:     kennysheep_windowed_goal
Temple:   hc_temple_tempest_star
Lair:1:   statuecave_lemuel, serial_bayou_pond_d, infiniplex_staircase_pool_2,
          uniq_harold
Orc:1:    enter_bailey_2, nicolae_orc_rockfall, uniq_urug
Orc:2:    st_orc_ogre_mass, basic_altar

Skill      XL: |  1  2  3  4  5  6  7  8  9 10 11 12 |
---------------+-------------------------------------+-----
Stealth        | 5 6 7 8 9 10 14 | 14.0
Short Blades   | 2 3 5 6 9 11 12 | 12.3
Dodging        | 4 5 8 11 12 13 16 | 16.4
Spellcasting   | 5 9 |  9.1
Hexes          | 5 9 |  9.1

Action                   |  1- 3 |  4- 6 |  7- 9 | 10-12 || total
-------------------------+-------+-------+-------+-------++-------
Melee: Dagger            |   184 |   139 |   396 |   575 ||  1294
 Cast: Ensorcelled Hiber |    18 |    20 |    78 |   204 ||   320
       Confuse           |       |     5 |    22 |    22 ||    49
Invok: Shadow Step       |       |       |       |     4 ||     4
  Use: Potion            |     3 |       |     2 |     1 ||     6
       Scroll            |       |     3 |     5 |     6 ||    14
 Stab: Sleeping          |    16 |    24 |    45 |   101 ||   186
       Confused          |       |     4 |     8 |     7 ||    19
       Distracted        |       |       |       |     1 ||     1
  Eat: Bread ration      |       |     1 |     2 |       ||     3
       Fruit             |       |       |     3 |     3 ||     6
       Royal jelly       |       |       |       |     2 ||     2
Armor: Robe              |    37 |    17 |    33 |    21 ||   108
Dodge: Dodged            |   192 |    88 |   322 |   515 ||  1117
